 Dungeon Crawl Stone Soup version 0.20.1-1-g8b1a95d (webtiles) character file.

61 dohliylev the Sneak (level 3, 0/24 HPs)
             Began as a Vampire Enchanter on July 15, 2017.
             Succumbed to an adder's poison
             ... on level 2 of the Dungeon.
             The game lasted 00:05:59 (1776 turns).

dohliylev the Sneak (Vampire Enchanter)             Turns: 1776, Time: 00:06:00

Health: 0/24       AC:  3    Str:  5 (7)  XL:     3   Next: 83%
Magic:  1/6        EV: 12    Int: 15 (18) God:
Gold:   87         SH:  0    Dex: 11 (14) Spells: 3/6 levels left

rFire    . . .     SeeInvis +   a - +1 dagger
rCold    . . .     Gourm    .   (no shield)
rNeg     . . .     Faith    .   h - +0 robe (curse)
rPois    .         Spirit   .   i - +0 helmet
rElec    .         Reflect  .   e - scarf {repulsion}
rCorr    .         Harm     .   (no gloves)
MR       .....                  (no boots)
Stlth    +++.......             (no amulet)
Regen    0.3/turn               (no ring)
MPRegen  0.1/turn               (no ring)

@: lethally poisoned (0 -> -8), regenerating quickly, repel missiles
A: fangs 3, see invisible, unbreathing
a: no special abilities


You were on level 2 of the Dungeon.
You were very full.

You visited 1 branch of the dungeon, and saw 2 of its levels.

You collected 87 gold pieces.

Inventory:

Hand Weapons
 a - a +1 dagger (weapon)
Armour
 e - a scarf of repulsion (worn)
 h - a cursed +0 robe (worn)
 i - a +0 helmet (worn)
Scrolls
 b - a scroll of remove curse {unknown}
 f - 3 scrolls of identify {unknown}
 j - a scroll of amnesia {unknown}
 k - a scroll of random uselessness {unknown}
 l - a scroll of teleportation {unknown}
 m - a scroll of noise {unknown}
Potions
 d - 5 potions of blood
Books
 c - a book of Maledictions

   Spells                             Type                      Level
   a - Corona                         Hexes                        1
   b - Ensorcelled Hibernation        Hexes/Ice                    2
   c - Confuse                        Hexes                        3
   d - Tukima's Dance                 Hexes                        3
   e - Dazzling Spray                 Conjuration/Hexes            3


   Skills:
 - Level 0.1 Fighting
 + Level 2.5 Short Blades
 - Level 2.1 Dodging
 + Level 6.2 Stealth
 - Level 2.0 Spellcasting
 - Level 4.4 Hexes
 + Level 0.6 Ice Magic


You had 3 spell levels left.
You knew the following spells:

 Your Spells              Type           Power        Failure   Level  Hunger
a - Corona                Hex            ##.....      3%          1    #......
b - Ensorcelled Hibernat  Hex/Ice        #.....       12%         2    ###....


Dungeon Overview and Level Annotations

Branches:
Dungeon (2/15)

Altars:

Annotations:
D:2 1 runed door


Innate Abilities, Weirdness & Mutations

Your natural rate of healing is unusually fast.
You have razor-sharp teeth.
You have supernaturally acute eyesight. (SInv)
You can survive without breathing.


Message History

* * * LOW HITPOINT WARNING * * *
You feel sick. The adder barely misses you.
Yummy - fresh blood!
* * * LOW HITPOINT WARNING * * *
You feel sick. The adder bites you.
* * * LOW HITPOINT WARNING * * *
You are more poisoned.
The adder poisons you!
Yummy - fresh blood!
* * * LOW HITPOINT WARNING * * *
You feel sick. The adder bites you.
* * * LOW HITPOINT WARNING * * *
The adder closely misses you.
Yummy - fresh blood!
* * * LOW HITPOINT WARNING * * *
You feel sick. The adder closely misses you.
It was a potion of degeneration.
There was something very wrong with that liquid.
You feel weakened.
You feel dopey.
You feel clumsy.
You die...

###.......#..########
# #.#...))##........
###.#..##...########
<......###...########
.......# ##..........
.......# #..########
.......# ##.....#
.......# #####.#
.....#.### #@#
#..).....# #S#
#####.......#
#.....S#
#....##..........#
#....# ###......#
#....# #......#
#....# ########
######


You could see an adder.

Vanquished Creatures
  An adder (D:2)
  A worm (D:1)
  A dart slug (D:2)
  2 leopard geckos (D:2)
  3 bats
  A giant cockroach (D:1)
  5 goblins (D:2)
  8 hobgoblins
  3 jackals
  8 kobolds
  A quokka (D:2)
  3 frilled lizards
  4 rats
41 creatures vanquished.

Notes
Turn   | Place    | Note
-------+----------+-------------------------------------------
     0 | D:1      | dohliylev the Vampire Enchanter began the quest for the Orb.
     0 | D:1      | Reached XP level 1. HP: 13/13 MP: 3/3
   364 | D:1      | Reached skill level 5 in Stealth
   390 | D:1      | Reached XP level 2. HP: 12/19 MP: 3/5
   394 | D:1      | Learned a level 2 spell: Ensorcelled Hibernation
  1103 | D:2      | Reached XP level 3. HP: 21/24 MP: 2/6
  1426 | D:2      | Reached skill level 6 in Stealth
  1622 | D:2      | Found a runed door.
  1775 | D:2      | HP: 1/24 [poisoned by an adder]
  1776 | D:2      | Succumbed to an adder's poison

Skill      XL: |  1  2  3 |
---------------+----------+-----
Stealth        | 5 6 |  6.2
Short Blades   | 2 |  2.5
Fighting       | |  0.1
Dodging        | |  2.1
Spellcasting   | |  2.0
Hexes          | |  4.4
Ice Magic      | |  0.6

Action                   || total
-------------------------++-------
Melee: Dagger            ||   129
       Bite              ||     5
 Cast: Corona            ||     1
       Ensorcelled Hiber ||    20
  Use: Potion            ||     6
 Stab: Sleeping          ||    20
  Eat: Corpse            ||     7
Armor: Robe              ||    37
Dodge: Dodged            ||   108
       Deflected         ||     4
